AoeStats
← Xi Jinping

Black Forest

506468391Analyzed
4v4 RM · 18d ago on Sep 13, 2026· 68m 52s· 8 players
Game mode
Random Map
Map size
Large (8 player)
Population
200
Speed
Normal
Resources
Standard
Victory
Conquest
Starting age
Dark Age
Ending age
Imperial Age
RankedLock teamsTeams togetherTeam positionsShared explorationLock speedFull tech treeHidden civsTurbo modeCheats
Victory
Defeat
🇦🇷 Goths · Argentina
659
+9
🇫🇷 Tatars · France
654
+9
🇫🇷 Burgundians · France
652
+9
634
+10
🇺🇸 Dravidians · United States
575
-11
🇹🇼 Lithuanians · Taiwan
519
-10
🇷🇴 Britons · Romania
481
-9
🇺🇸 Ethiopians · United States
411
-7
eberle.9
15:20 Feudal Age
15:50 Double-Bit Axe
15:51 Horse Collar
18:11 Wheelbarrow
17:29 Town Watch
22:01 Man-at-Arms
22:26 Arson
27:44 Gold Mining
30:32 Castle Age
28:47 Forging
28:37 Scale Mail Armor
28:39 Padded Archer Armor
29:17 Scale Barding Armor
33:45 Squires
33:07 Long Swordsman
33:50 Caravan
34:44 Stone Mining
37:05 Hand Cart
38:54 Bow Saw
41:19 Gold Shaft Mining
41:20 Stone Shaft Mining
42:21 Husbandry
41:42 Light Cavalry
42:41 Chain Mail Armor
43:03 Iron Casting
43:33 Masonry
43:15 Guard Tower
44:45 Heavy Plow
45:33 Ballistics
45:23 Fortified Wall
46:05 Coinage
45:16 Crossbowman
48:31 Royal Heirs
ngoodnight01
3:09 Loom
18:41 Feudal Age
19:37 Town Watch
19:21 Man-at-Arms
32:01 Castle Age
33:03 Pikeman
33:44 Squires
33:29 Arson
34:44 Wheelbarrow
34:36 Long Swordsman
52:06 Crossbowman
暗魔陰蒂
0:39 Loom
16:16 Feudal Age
20:43 Double-Bit Axe
22:23 Wheelbarrow
21:35 Town Watch
22:01 Gold Mining
23:29 Horse Collar
25:19 Man-at-Arms
25:45 Arson
31:34 Stone Mining
35:45 Castle Age
45:35 Bow Saw
47:13 Stone Shaft Mining
55:33 Treadmill Crane
56:03 Masonry
55:45 Heated Shot
56:06 Fortified Wall
55:51 Murder Holes
56:44 Murder Holes
K1NG
0:30 Loom
16:38 Feudal Age
17:57 Wheelbarrow
17:15 Gold Mining
17:15 Stone Mining
17:11 Horse Collar
17:20 Double-Bit Axe
22:47 Castle Age
26:22 Hand Cart
26:46 Gold Shaft Mining
26:24 Bow Saw
26:18 Heavy Plow
40:11 Imperial Age
38:49 Padded Archer Armor
38:40 Fletching
38:56 Scale Barding Armor
38:51 Scale Mail Armor
39:02 Forging
41:34 Hoardings
40:20 Elite Longbowman
43:59 Leather Archer Armor
43:40 Bodkin Arrow
44:20 Iron Casting
44:01 Chain Mail Armor
44:06 Chain Barding Armor
46:27 Chemistry
45:48 Ballistics
Xav314
0:30 Loom
18:17 Feudal Age
25:23 Castle Age
25:00 Double-Bit Axe
26:30 Fletching
28:16 Murder Holes
37:31 Bodkin Arrow
44:51 Horse Collar
49:22 Imperial Age
49:25 Bow Saw
49:16 Gold Mining
49:32 Caravan
49:45 Scale Barding Armor
49:50 Forging
49:35 Stone Mining
51:21 Wheelbarrow
50:30 Treadmill Crane
51:10 Ballistics
51:51 Chemistry
52:10 Gold Shaft Mining
51:43 Heavy Plow
52:21 Conscription
53:39 Crop Rotation
54:14 Masonry
54:21 Timurid Siegecraft
54:14 Capped Ram
55:44 Hand Cart
56:14 Iron Casting
57:54 Elite Keshik
59:37 Bracer
60:38 Blast Furnace
59:45 Siege Engineers
59:51 Fortified Wall
59:45 Scale Mail Armor
61:49 Onager
63:26 Siege Ram
67:50 Spies/Treason
Buffy the Empire Slayer
0:37 Loom
17:10 Feudal Age
20:11 Man-at-Arms
20:37 Arson
35:47 Castle Age
38:19 Pikeman
38:20 Long Swordsman
38:46 Gambesons
46:49 Double-Bit Axe
46:57 Fletching
47:08 Scale Mail Armor
47:08 Padded Archer Armor
47:14 Scale Barding Armor
47:19 Forging
48:56 Fortified Wall
49:08 Ballistics
49:24 Bow Saw
52:15 Imperial Age
50:46 Town Watch
51:37 Wheelbarrow
53:57 Town Patrol
54:13 Hand Cart
54:30 Cavalier
55:10 Husbandry
55:21 Bloodlines
54:32 Light Cavalry
57:34 Two-Man Saw
56:33 Murder Holes
57:40 Chemistry
59:14 Bodkin Arrow
59:55 Iron Casting
59:35 Chain Mail Armor
59:59 Conscription
59:17 Crossbowman
59:17 Elite Skirmisher
63:23 Onager
65:45 Caravan
66:15 Coinage
68:50 Spies/Treason
Xi Jinping
1:00 Loom
12:44 Feudal Age
13:24 Double-Bit Axe
15:02 Horse Collar
16:08 Wheelbarrow
21:14 Castle Age
21:11 Forging
22:27 Heavy Plow
22:50 Hand Cart
22:55 Bow Saw
25:08 Squires
25:12 Scale Mail Armor
27:33 Iron Casting
27:55 Town Watch
31:45 Stone Mining
36:10 Imperial Age
33:36 Gold Mining
34:26 Stone Shaft Mining
34:55 Anarchy
35:16 Chain Mail Armor
35:28 Town Patrol
38:34 Two-Man Saw
38:54 Elite Huskarl
39:44 Perfusion
41:31 Blast Furnace
kalou.gautier
1:10 Loom
16:00 Feudal Age
23:16 Castle Age
23:16 Horse Collar
23:25 Double-Bit Axe
28:24 Heavy Plow
28:39 Bow Saw
29:41 Fortified Wall
30:12 Gold Mining
37:17 Imperial Age
35:53 Crop Rotation
36:28 Two-Man Saw
36:35 Scale Barding Armor
37:10 Stone Mining
37:52 Ballistics
37:54 Husbandry
37:20 Cavalier
39:17 Chemistry
38:43 Treadmill Crane
39:33 Conscription
39:42 Chain Barding Armor
40:00 Wheelbarrow
41:09 Paladin
42:15 Padded Archer Armor
42:12 Fletching
42:41 Hand Cart
42:44 Caravan
43:55 Bodkin Arrow
44:05 Scale Mail Armor
45:35 Gold Shaft Mining
45:36 Stone Shaft Mining
45:08 Bracer
49:03 Elite Coustillier
56:00 Forging
56:06 Chain Mail Armor
56:27 Plate Barding Armor
55:26 Pikeman
56:06 Squires
55:32 Capped Ram
58:15 Herbal Medicine
58:18 Murder Holes
58:36 Masonry
59:29 Onager
62:19 Sanctity
61:27 Light Cavalry
62:41 Architecture
61:47 Sappers
61:42 Halberdier
62:55 Plate Mail Armor
62:16 Town Watch
62:54 Block Printing
Connection lost

Rejoining the realm…

Still unreachable

The connection could not be restored.

Session expired

The server has moved on; the page needs a fresh start.